 Dungeon Crawl Stone Soup version 0.29-a0-380-gf50f0a9fbc (webtiles) character file.

Game seed: 17706733472407267673

213 bande the Covered (level 5, 0/33 HPs)
             Began as a Gargoyle Fighter on May 5, 2022.
             Killed by divine providence
             ... invoked by an orc priest
              (16 damage)
             ... on level 3 of the Dungeon.
             The game lasted 00:05:52 (2977 turns).

bande the Covered (Gargoyle Fighter)                Turns: 2977, Time: 00:05:52

Health: 0/33       AC: 20    Str: 20    XL:     5   Next: 90%
Magic:  5/5        EV:  5    Int:  8    God:
Gold:   612        SH:  4    Dex: 11    Spells: 4/4 levels left

rFire   . . .      SeeInvis .   a - +1 war axe (vorpal)
rCold   . . .      Faith    .   c - +0 buckler
rNeg    + . .      Spirit   .   k - +0 plate armour
rPois   ∞          Reflect  .   (no helmet)
rElec   +          Harm     .   m - +2 cloak {rCorr}
rCorr   +          Rampage  .   (no gloves)
Will    .....                   g - +0 pair of boots
Stlth   ..........              (no amulet)
HPRegen 0.11/turn               (no ring)
MPRegen 0.09/turn               (no ring)

@: no status effects
A: sickness immunity, AC +4, negative energy resistance 1, electricity
resistance, torment resistance 1, petrification resistance
a: no special abilities


You were on level 3 of the Dungeon.
You visited 1 branch of the dungeon, and saw 3 of its levels.

You collected 612 gold pieces.

Inventory:

Hand Weapons
 a - a +1 vorpal war axe (weapon)
 o - the +12 mace of Tortured Subterfuge {vorpal, rCorr Dex+3}
   (You found it on level 2 of the Dungeon)

   It inflicts extra damage upon your enemies.
   Dex:       It affects your dexterity (+3).
   rCorr:     It protects you from acid and corrosion.
Missiles
 r - 2 throwing nets (quivered)
Armour
 c - a +0 buckler (worn)
 g - a +0 pair of boots (worn)
 k - a +0 plate armour (worn)
 m - a +2 cloak of preservation (worn)
Wands
 q - a wand of digging (3)
Scrolls
 b - 4 scrolls of teleportation
 h - a scroll of fear
 n - 2 scrolls of immolation
 u - a scroll of silence
 v - a scroll of blinking {unknown}
Potions
 d - 2 potions of might
 e - a potion of brilliance
 f - a potion of ambrosia {unknown}
 i - a potion of haste {unknown}
 l - 2 potions of resistance
 s - a potion of magic {unknown}
 w - a potion of heal wounds {unknown}


   Skills:
 + Level 4.0 Fighting
 + Level 4.0 Axes
 + Level 4.4 Armour
 + Level 3.8 Shields


You had 4 spell levels left.
You didn't know any spells.
Your spell library was empty.

Dungeon Overview and Level Annotations

Branches:
Dungeon (3/15)

Altars:

Shops:
D:2 ((


Innate Abilities, Weirdness & Mutations

You are immune to sickness and miasma.
Your stone body is resilient. (AC +4)
You are immune to poison.
You resist negative energy. (rN+)
You are resistant to electric shocks. (rElec)
You are resistant to unholy torment.
You are immune to petrification.


Message History

You see here a +0 spear.
An orc comes into view. It is wielding a +0 club.
The orc shouts!
You hear a shout!
An orc priest comes into view. It is wielding a +0 flail.
A goblin comes into view. It is wielding a +0 club.
Found a stone staircase leading down.
The goblin shouts!
An orc priest comes into view. It is wielding a +0 hand axe.
The orc priest shouts!
A quokka comes into view.
An orc comes into view. It is wielding a +0 trident of venom.
The orc hits you but does no damage.
You closely miss the orc.
The orc shouts!
The orc barely misses you.
You hit the orc priest.
The orc priest is moderately wounded.
You barely miss the orc.
The orc priest hits you but does no damage.
The orc hits you but does no damage. x2
The orc priest hits you but does no damage.
You hit the orc priest.
The orc priest is severely wounded.
You barely miss the orc. You block the orc's attack.
The orc priest mumbles some strange prayers to Beogh against you.
Beogh smites you!
Ouch! That really hurt!
You are too injured to fight recklessly!
You are too injured to fight recklessly!
You are too injured to fight recklessly!
You are too injured to fight recklessly!
You are too injured to fight recklessly!
You are too injured to fight recklessly!
Unknown command.
You slash the orc priest!
You kill the orc priest!
You hit the orc but do no damage. The orc barely misses you.
The orc priest calls down the wrath of Beogh upon you.
Beogh smites you!
You die...

#........#.......#
#
#........#.<.....#
#
####.....#.......#
# #.....#.......#
# #.....#####'###
# ##.....#
#.########
.#.#.#....#
#.#.......
..........#
#.#.######
.#.#.#)@..#
#.#.#.....
.....go####
#.#!#.#### .#.#.#o
#.#.#.#### ......o
#.#.#..... .#.#.#.
#.#.###### >......
#.#.....# .#.# #.
#.#####.# .. ..
#.# #.# #.# #.##


You could see an orc priest, 2 orcs and a goblin.

Vanquished Creatures
  Crazy Yiuf (D:2)
  An orc priest (D:3)
  Natasha (twice) (D:2)
  An adder (D:3)
  7 gnolls (D:3)
  A worm (D:2)
  A dart slug (D:1)
  4 orcs (D:3)
  4 bats
  3 endoplasms (D:2)
  3 giant cockroaches (D:2)
  4 goblins
  7 hobgoblins
  2 kobolds
  A quokka (D:2)
  7 ball pythons
  A frilled lizard (D:3)
  7 rats
57 creatures vanquished.

Notes
Turn   | Place    | Note
-------+----------+-------------------------------------------
     0 | D:1      | bande the Gargoyle Fighter began the quest for the Orb.
     0 | D:1      | Reached XP level 1. HP: 14/14 MP: 1/1
   231 | D:1      | Reached XP level 2. HP: 19/19 MP: 2/2
   366 | D:1      | Found a faded altar of an unknown god.
   605 | D:2      | Found Xuerouj's Weapon Shop.
   617 | D:2      | Found Cabrizoc's Antique Weapon Emporium.
  1127 | D:2      | Reached XP level 3. HP: 23/23 MP: 3/3
  1227 | D:2      | Noticed Natasha
  1234 | D:2      | Killed Natasha
  1235 | D:2      | Reached XP level 4. HP: 28/29 MP: 4/4
  1319 | D:2      | Found a runed translucent door.
  1320 | D:2      | Noticed Crazy Yiuf
  1331 | D:2      | Killed Crazy Yiuf
  1882 | D:2      | Noticed Natasha
  1888 | D:2      | Killed Natasha
  1889 | D:2      | Reached XP level 5. HP: 33/33 MP: 5/5
  1994 | D:2      | Identified the +12 mace of Tortured Subterfuge {vorpal,
                  | rCorr Dex+3}
  2727 | D:3      | Identified a scroll of acquirement
  2727 | D:3      | Acquired 477 gold pieces
  2977 | D:3      | Killed from afar by an orc priest

Illustrated notes

Levels and vault maps discovered:
D:1:      mushboom_english_gardens, layout_basic,
          shapermc_ecumenical_altar_starsandcircs
D:2:      layout_basic, serial_shops, shop, shop, minmay_door_square,
          minmay_worlds_worst_comb, uniq_crazy_yiuf_cottage, uniq_natasha
D:3:      layout_basic, serial_park_tiny_pond, grunt_ministairs_5, st_stairs_10

Skill      XL: |  1  2  3  4  5 |
---------------+----------------+-----
Axes           | 2 3 4 |  4.0
Armour         | 4 |  4.4
Fighting       | 4 |  4.0
Shields        | |  3.8

Action                   |  1- 3 |  4- 6 || total
-------------------------+-------+-------++-------
Melee: War axe           |    74 |    64 ||   138
  Use: Scroll            |     4 |     8 ||    12
Armor: Scale mail        |    16 |       ||    16
       Plate armour      |    34 |    62 ||    96
Dodge: Dodged            |    31 |    17 ||    48
Block: Buckler           |    14 |    20 ||    34

Table legend: (Time is in decaauts)
 A = Elapsed time spent in this place.
 B = Non-inter-level travel time spent in this place.
 C = Inter-level travel time spent in this place.
 D = Time resting spent in this place.
 E = Time spent auto-exploring this place.
 F = Levels seen in this place.
 G = Mean time per level.
                   A        B        C        D        E       F      G
               +--------+--------+--------+--------+--------+-----+--------+
         Total |   3032 |   3000 |     32 |    411 |   2019 |   3 | 1010.7 |
       Dungeon |   3032 |   3000 |     32 |    411 |   2019 |   3 | 1010.7 |
               +--------+--------+--------+--------+--------+-----+--------+

Top non-repeatable levels by time:
     D:2: 1457 daAuts
     D:3: 958 daAuts
     D:1: 616 daAuts
